AoeStats
← CHILEPALESTA

Oasis

510188867Analyzed
2v2 RM · 20h ago on Sep 29, 2026· 59m 58s· 4 players
Game mode
Random Map
Map size
Medium (4 player)
Population
200
Speed
Normal
Resources
Standard
Victory
Conquest
Starting age
Dark Age
Ending age
Imperial Age
RankedLock teamsTeams togetherTeam positionsShared explorationLock speedFull tech treeHidden civsTurbo modeCheats
Victory
Defeat
🇹🇷 Tatars · Türkiye
638
+16
🇲🇽 Franks · Mexico
623
+17
🇨🇱 Celts · Chile
671
-17
🇦🇷 Poles · Argentina
625
-16
sinko peso
1:04 Loom
1:16 Loom
11:29 Feudal Age
13:52 Double-Bit Axe
14:03 Gold Mining
15:13 Stone Mining
16:28 Wheelbarrow
18:48 Man-at-Arms
23:03 Castle Age
24:01 Squires
23:22 Pikeman
23:49 Gambesons
23:50 Arson
23:47 Long Swordsman
28:21 Bow Saw
31:06 Scale Mail Armor
31:18 Forging
32:04 Chain Mail Armor
33:20 Scale Barding Armor
33:52 Iron Casting
33:19 Husbandry
32:50 Elite Skirmisher
33:50 Fletching
39:55 Hand Cart
41:03 Town Watch
44:04 Ordonnance Companies
47:01 Gold Shaft Mining
46:58 Murder Holes
47:25 Ballistics
50:10 Imperial Age
49:03 Chain Barding Armor
48:47 Town Patrol
50:27 Elite Throwing Axeman
51:29 Conscription
50:38 Cavalier
55:11 Hoardings
55:44 Chivalry
60:18 Chemistry
59:57 Capped Ram
serkanserpinli
11:44 Feudal Age
13:16 Wheelbarrow
12:40 Horse Collar
12:54 Gold Mining
13:58 Stone Mining
13:59 Double-Bit Axe
21:13 Castle Age
22:35 Bow Saw
22:29 Heavy Plow
23:07 Gold Shaft Mining
23:28 Hand Cart
27:36 Padded Archer Armor
29:30 Fletching
29:53 Forging
31:33 Bodkin Arrow
31:54 Leather Archer Armor
31:41 Scale Mail Armor
32:52 Iron Casting
33:27 Caravan
33:57 Coinage
34:17 Treadmill Crane
34:58 Ballistics
35:33 Silk Armor
36:32 Masonry
39:29 Imperial Age
39:08 Arson
39:24 Squires
39:44 Husbandry
39:55 Bloodlines
39:27 Light Cavalry
41:35 Conscription
41:26 Timurid Siegecraft
42:21 Bracer
42:52 Ring Archer Armor
42:30 Scale Barding Armor
43:26 Blast Furnace
43:01 Ring Archer Armor
42:37 Scale Barding Armor
44:37 Chemistry
43:43 Siege Engineers
48:05 Hussar
49:11 Chain Barding Armor
50:30 Heavy Cavalry Archer
CHILEPALESTA
1:48 Loom
12:54 Feudal Age
13:57 Horse Collar
14:09 Double-Bit Axe
14:21 Gold Mining
17:39 Wheelbarrow
20:24 Town Watch
21:26 Stone Mining
23:06 Man-at-Arms
26:08 Forging
25:50 Fletching
28:26 Castle Age
27:56 Padded Archer Armor
27:57 Scale Mail Armor
29:25 Bodkin Arrow
29:50 Leather Archer Armor
29:38 Caravan
30:06 Bow Saw
29:24 Pikeman
29:32 Crossbowman
31:07 Chain Mail Armor
31:07 Gambesons
32:20 Stone Shaft Mining
33:58 Iron Casting
34:53 Town Patrol
35:05 Scale Barding Armor
37:37 Fervor
41:17 Imperial Age
38:54 Devotion
39:19 Fortified Wall
39:06 Murder Holes
41:20 Masonry
41:19 Guard Tower
42:29 Ballistics
43:29 Blast Furnace
43:19 Conscription
42:52 Stronghold
44:11 Plate Mail Armor
43:22 Elite Skirmisher
45:38 Chemistry
48:03 Hoardings
47:33 Long Swordsman
JulepeB77
11:18 Feudal Age
11:55 Man-at-Arms
15:32 Gold Mining
15:31 Double-Bit Axe
17:15 Horse Collar
25:05 Castle Age
24:01 Scale Barding Armor
23:56 Scale Mail Armor
26:29 Husbandry
27:22 Bow Saw
27:39 Chain Barding Armor
27:35 Chain Mail Armor
28:01 Stone Mining
33:38 Stone Shaft Mining
32:51 Pikeman
34:33 Forging
39:42 Imperial Age
40:22 Heavy Plow
40:05 Elite Obuch
42:45 Plate Mail Armor
42:19 Cavalier
46:32 Iron Casting
49:17 Blast Furnace
Connection lost

Rejoining the realm…

Still unreachable

The connection could not be restored.

Session expired

The server has moved on; the page needs a fresh start.